 Dungeon Sprint DCSS version 0.17-a0-1646-geb1493d (webtiles) character file.

11484 Kidiri the Unseen (level 11, -8/51 HPs)
             Began as a Spriggan Enchanter on Aug 11, 2015.
             Was the Champion of Dithmenos.
             Engulfed by a cloud of freezing vapour (12 damage)
             ... in the Dungeon (Sprint I: "Red Sonja").
             The game lasted 00:22:05 (3797 turns).

Kidiri the Unseen (Spriggan Enchanter)              Turns: 3797, Time: 00:22:05

Health: -8/51      AC:  4    Str:  4    XL:     11   Next: 49%
Magic:  30/30      EV: 35    Int: 18    God:    Dithmenos [******]
Gold:   2384       SH:  0    Dex: 21    Spells: 5 memorised, 27 levels left

rFire  + . .     SeeInvis +     m - +1 short sword (venom)
rCold  . . .     Clarity  .     k - +2 robe {rF+}
rNeg   . . .     SustAt   .     (shield restricted)
rPois  .         Gourm    .     (helmet restricted)
rElec  .         Spirit   .     (no cloak)
rCorr  .         Warding  .     (gloves unavailable)
rMut   .         NoTele   +     (boots unavailable)
MR     +....                    (no amulet)
Stlth  ++++++++++               (no ring)
                                (no ring)

@: wreathed by umbra, very quick, somewhat resistant to hostile enchantments,
uncannily stealthy
A: unfitting armour, antennae 1, see invisible, agile 1, herbivore 3, speed 3,
mutation resistance 1, robust 1, slow metabolism 2
a: Shadow Step, Shadow Form, Renounce Religion


You were in the Dungeon.
You worshipped Dithmenos.
Dithmenos was exalted by your worship.
You were full.

You visited 1 branch You collected 3135 gold pieces.
You spent 751 gold pieces at shops.

Inventory:

Hand weapons
 a - a +0 blowgun
 m - a +1 short sword of venom (weapon)
Missiles
 b - 6 curare-tipped needles
Armour
 k - a +2 robe of fire resistance (worn)
Magical devices
 c - a wand of paralysis (13)
 e - a wand of digging (13)
 o - a wand of cold (4)
Scrolls
 j - a scroll of blinking
Potions
 f - 5 potions of heal wounds
 g - a potion of haste
 h - 2 potions of magic
 i - 2 potions of berserk rage
 l - 3 potions of curing
Comestibles
 d - a bread ration


   Skills:
 + Level 10.2 Short Blades
 * Level 17.3 Dodging
 * Level 18.8 Stealth
 * Level 14.8 Spellcasting
 + Level 6.7 Conjurations
 + Level 11.4 Hexes
 + Level 7.5 Ice Magic
 - Level 6.4 Invocations


You had 27 spell levels left.
You knew the following spells:

 Your Spells              Type           Power        Failure   Level  Hunger
a - Corona                Hex            ######.      1%          1    None
b - Ensorcelled Hibernat  Hex/Ice        #####.       1%          2    None
c - Confuse               Hex            ######..     1%          3    None
d - Tukima's Dance        Hex            ######..     1%          3    None
e - Dazzling Spray        Conj/Hex       #####...     1%          3    None


Dungeon Overview and Level Annotations

Branches:
Dungeon (1/1)

Altars:
Cheibriados
Dithmenos
Elyvilon
Fedhas
Gozag
Kikubaaqudgha
Makhleb
Nemelex Xobeh
Okawaru
Qazlal
Ru
Sif Muna
Trog
Vehumet
Xom
Yredelemnul
Zin
The Shining One
Jiyva

Shops:
D *!}*?%[((!}}(*![}

Annotations:
D Norris


Innate Abilities, Weirdness & Mutations

You are tiny and cannot use many weapons and most armour.
You have supernaturally acute eyesight.
You are a herbivore.
You cover ground extremely quickly.
You need consume almost no food.
You have a pair of small antennae on your head.
You are agile. (Dex +2)
You are somewhat resistant to further mutation.
You are robust (+10% HP).


Message History

You now have 2222 gold pieces (gained 27).
You now have 2249 gold pieces (gained 27).
You now have 2276 gold pieces (gained 27).
Really walk into that cloud of freezing vapour?
Okay, then.
You now have 2303 gold pieces (gained 27).
Really walk into that cloud of freezing vapour?
Okay, then.
You now have 2330 gold pieces (gained 27).
You are engulfed in freezing vapours.
You emit a cloud of dark smoke.
You now have 2357 gold pieces (gained 27).
You now have 2384 gold pieces (gained 27).
You are engulfed in freezing vapours.
You emit a cloud of dark smoke.
You see here 27 gold pieces.
You are engulfed in freezing vapours.
* * * LOW HITPOINT WARNING * * *
You emit a cloud of dark smoke.
You see here 27 gold pieces.
You are engulfed in freezing vapours.
You die...

≈§§#..#.^§.§+.....#*,*,*,*,,≈{,#§
#####+###§§.#...§.#,,***,*,,≈,*#+
(.###.+§#§§^###++##,**,,,*,,≈**,,
###.###§#§^###..##*,,*+***,,≈*,,,
..+[∩##§#^.####§.###,,,*,≈,,**,,,
#######§##+#..#§.#$###,*,≈,,*,,,,
...§§##%##(#§§§§§§§$$#,***,,*,,,,
...§.§+.####§§§§§§§$$#,*,+,,**,,,
+######§#..+§§§§@§####+*,**'**,,,
......#§#####§§§###,,,,*,*≈≈≈**,,
.....#+§#,,,#####,,,****,*≈≈≈≈**,
....≈####,,,,,{,,,***,,,,*≈≈≈≈≈**
...≈≈#*,,,,,,,*****,,,,****≈≈≈≈*≈
.≈≈≈##*,,,,,,**,,,,,,,,*,,*'≈≈≈'≈
≈≈### *,,,,,**,,,,,,,,,*,,,**≈≈*≈
##+###*,,,,,*,,,,,,,,,,*,,,,*****
###∩∩#***********,,,,,,*,,,,*≈≈≈≈


There were no monsters in sight!

Vanquished Creatures
  A lorocyproca (D)
  A hydra (D)
  2 centaur warriors (D)
  Sonja (D)
  A deep troll (D)
  2 unseen horrors (D)
  A lindwurm (D)
  An oklob plant (D)
  A gargoyle (D)
  4 demonic crawlers (D)
  2 kobold demonologists (D)
  A slime creature (D)
  A yak (D)
  Sigmund (D)
  13 hogs (D)
  4 trapdoor spiders (D)
  An ogre (D)
  A wasp (D)
  7 necrophages (D)
  8 jellies (D)
  Ijyb (D)
  3 giant eyeballs (D)
  4 ballistomycetes (D)
  A giant spore (D)
63 creatures vanquished.

Vanquished Creatures (others)
  A giant spore (D)
1 creature vanquished.

Grand Total: 64 creatures vanquished

Notes
Turn   | Place    | Note
--------------------------------------------------------------
     0 | D        | Kidiri the Spriggan Enchanter began the quest for the Orb.
     0 | D        | Reached XP level 1. HP: 9/9 MP: 5/5
     2 | D        | Noticed Ijyb
    27 | D        | Killed Ijyb
    27 | D        | Reached skill level 5 in Dodging
    27 | D        | Reached skill level 6 in Stealth
    27 | D        | Reached XP level 2. HP: 13/13 MP: 5/8
    59 | D        | Noticed an ogre
    64 | D        | Learned a level 2 spell: Ensorcelled Hibernation
    78 | D        | Killed an ogre
    78 | D        | Reached skill level 7 in Dodging
    78 | D        | Reached skill level 8 in Stealth
    78 | D        | Reached skill level 5 in Hexes
    78 | D        | Reached skill level 1 in Ice Magic
    78 | D        | Reached XP level 3. HP: 16/16 MP: 6/11
    78 | D        | Reached XP level 4. HP: 21/21 MP: 7/13
   132 | D        | Learned a level 3 spell: Confuse
   136 | D        | Learned a level 3 spell: Tukima's Dance
   140 | D        | Learned a level 3 spell: Dazzling Spray
   140 | D        | Noticed Sigmund
   145 | D        | Killed Sigmund
   145 | D        | Reached skill level 9 in Dodging
   145 | D        | Reached skill level 10 in Stealth
   145 | D        | Reached skill level 1 in Conjurations
   145 | D        | Reached XP level 5. HP: 24/24 MP: 12/16
   145 | D        | Reached XP level 6. HP: 28/28 MP: 12/17
   181 | D        | Found a snail-covered altar of Cheibriados.
   181 | D        | Found a viscous altar of Jiyva.
   181 | D        | Found a shadowy altar of Dithmenos.
   181 | D        | Found a blossoming altar of Fedhas.
   181 | D        | Noticed a slime creature
   185 | D        | Became a worshipper of Dithmenos the Shadowed
   186 | D        | Killed a slime creature
   186 | D        | Reached skill level 5 in Short Blades
   186 | D        | Reached skill level 10 in Dodging
   186 | D        | Reached skill level 11 in Stealth
   215 | D        | Found a deep blue altar of Sif Muna.
   216 | D        | Noticed a jelly
   217 | D        | Found a radiant altar of Vehumet.
   221 | D        | Killed a jelly
   259 | D        | Found Gixzocau's Distillery.
   259 | D        | Found a white marble altar of Elyvilon.
   259 | D        | Found a stormy altar of Qazlal.
   259 | D        | Found a burning altar of Makhleb.
   259 | D        | Found a sacrificial altar of Ru.
   259 | D        | Found a basalt altar of Yredelemnul.
   259 | D        | Found a glowing golden altar of the Shining One.
   259 | D        | Found a sparkling altar of Nemelex Xobeh.
   259 | D        | Found a shimmering altar of Xom.
   259 | D        | Found an opulent altar of Gozag.
   259 | D        | Found an ancient bone altar of Kikubaaqudgha.
   259 | D        | Found a glowing silver altar of Zin.
   259 | D        | Noticed a yak
   260 | D        | Found an iron altar of Okawaru.
   261 | D        | Killed a yak
   261 | D        | Reached XP level 7. HP: 32/32 MP: 18/20
   262 | D        | Found a bloodstained altar of Trog.
   267 | D        | Bought a potion of heal wounds for 50 gold pieces
   267 | D        | Bought a potion of heal wounds for 50 gold pieces
   278 | D        | Noticed Sonja
   282 | D        | Killed Sonja
   282 | D        | Reached skill level 13 in Stealth
   282 | D        | Reached skill level 10 in Spellcasting
   282 | D        | Reached XP level 8. HP: 36/36 MP: 21/23
   300 | D        | Found Kurusk's Assorted Antiques.
   421 | D        | Noticed a deep troll
   466 | D        | Killed a deep troll
   509 | D        | Found Fyviubi's Armour Emporium.
   791 | D        | Noticed a centaur warrior
   796 | D        | Noticed a centaur warrior
   802 | D        | Killed a centaur warrior
   802 | D        | Acquired Dithmenos's first power
   802 | D        | Reached skill level 14 in Stealth
   802 | D        | Reached skill level 5 in Ice Magic
   802 | D        | Reached skill level 5 in Invocations
   802 | D        | Reached XP level 9. HP: 23/39 MP: 13/25
   810 | D        | Killed a centaur warrior
   810 | D        | Reached skill level 15 in Stealth
  1131 | D        | Noticed a wasp
  1134 | D        | Killed a wasp
  1147 | D        | Noticed an oklob plant
  1939 | D        | Killed an oklob plant
  1946 | D        | Noticed a trapdoor spider
  1950 | D        | Killed a trapdoor spider
  2179 | D        | Noticed a trapdoor spider
  2181 | D        | Killed a trapdoor spider
  2183 | D        | Noticed a trapdoor spider
  2188 | D        | Killed a trapdoor spider
  2188 | D        | Acquired Dithmenos's second power
  2188 | D        | Reached XP level 10. HP: 44/44 MP: 19/27
  2231 | D        | Noticed a trapdoor spider
  2233 | D        | Killed a trapdoor spider
  2243 | D        | Noticed a jelly
  2243 | D        | Noticed a jelly
  2244 | D        | Noticed a jelly
  2252 | D        | Noticed an unseen horror
  2253 | D        | Noticed an unseen horror
  2260 | D        | Killed an unseen horror
  2260 | D        | Reached skill level 16 in Stealth
  2260 | D        | Reached skill level 5 in Conjurations
  2262 | D        | Killed an unseen horror
  2262 | D        | Reached skill level 15 in Dodging
  2262 | D        | Reached skill level 10 in Hexes
  2264 | D        | Noticed a jelly
  2264 | D        | Noticed a jelly
  2264 | D        | Noticed a jelly
  2264 | D        | Noticed a jelly
  2266 | D        | Killed a jelly
  2266 | D        | Acquired Dithmenos's third power
  2267 | D        | Killed a jelly
  2269 | D        | Killed a jelly
  2270 | D        | Killed a jelly
  2273 | D        | Killed a jelly
  2274 | D        | Noticed a necrophage
  2274 | D        | Noticed a necrophage
  2274 | D        | Noticed a necrophage
  2275 | D        | Killed a jelly
  2276 | D        | Noticed a necrophage
  2276 | D        | Noticed a necrophage
  2277 | D        | Killed a jelly
  2277 | D        | Acquired Dithmenos's fourth power
  2281 | D        | Noticed a necrophage
  2281 | D        | Noticed a necrophage
  2283 | D        | Killed a necrophage
  2285 | D        | Killed a necrophage
  2290 | D        | Killed a necrophage
  2292 | D        | Killed a necrophage
  2294 | D        | Killed a necrophage
  2294 | D        | Killed a necrophage
  2300 | D        | Killed a necrophage
  2326 | D        | Found Qonoyrra's General Store.
  2326 | D        | Found Urequang's Gadget Shop.
  2326 | D        | Found Zotirchuer's Magic Scroll Boutique.
  2384 | D        | Found Ucuid's Food Emporium.
  2384 | D        | Found Wakumus's Armour Shop.
  2384 | D        | Found Bopnuoh's Antique Weapon Shoppe.
  2384 | D        | Found Fuehiz's Weapon Boutique.
  2384 | D        | Found Taisirch's Distillery.
  2384 | D        | Found Upiyfub's Gadget Shop.
  2384 | D        | Found Plog's Gadget Shoppe.
  2387 | D        | Bought a scroll of remove curse for 39 gold pieces
  2405 | D        | Found Riedgh's Antique Weapon Boutique.
  2406 | D        | Found Waosuast's Distillery.
  2406 | D        | Found Masuoq's General Store.
  2407 | D        | Found Nauxiskunk's Gadget Emporium.
  2414 | D        | Bought a potion of heal wounds for 60 gold pieces
  2414 | D        | Bought a potion of curing for 36 gold pieces
  2414 | D        | Bought a potion of beneficial mutation for 420 gold pieces
  2414 | D        | Bought a potion of heal wounds for 60 gold pieces
  2414 | D        | Bought a potion of curing for 36 gold pieces
  2415 | D        | Gained mutation: You are robust (+10% HP). [potion of mutation]
  2415 | D        | Gained mutation: You have a pair of small antennae on your head. [potion of mutation]
  2415 | D        | Gained mutation: You are agile. (Dex +2) [potion of mutation]
  2416 | D        | Gained mutation: You are somewhat resistant to further mutation. [potion of beneficial mutation]
  2519 | D        | Noticed a kobold demonologist
  2520 | D        | Noticed a kobold demonologist
  2521 | D        | Killed a kobold demonologist
  2524 | D        | Killed a kobold demonologist
  2524 | D        | Reached skill level 17 in Stealth
  2544 | D        | Noticed a demonic crawler
  2544 | D        | Noticed a demonic crawler
  2544 | D        | Noticed a demonic crawler
  2544 | D        | Noticed a demonic crawler
  2546 | D        | Killed a demonic crawler
  2547 | D        | Killed a demonic crawler
  2549 | D        | Killed a demonic crawler
  2550 | D        | Killed a demonic crawler
  2574 | D        | Noticed a lindwurm
  2576 | D        | Killed a lindwurm
  2576 | D        | Reached XP level 11. HP: 51/51 MP: 29/29
  2582 | D        | Noticed a hog
  2582 | D        | Noticed a hog
  2582 | D        | Noticed a hog
  2582 | D        | Noticed a hog
  2582 | D        | Noticed a hog
  2582 | D        | Noticed a hog
  2583 | D        | Noticed a hog
  2585 | D        | Killed a hog
  2589 | D        | Noticed a hog
  2589 | D        | Noticed a hog
  2589 | D        | Killed a hog
  2590 | D        | Noticed a hog
  2591 | D        | Killed a hog
  2592 | D        | Killed a hog
  2594 | D        | Killed a hog
  2595 | D        | Noticed a hog
  2595 | D        | Noticed a hog
  2596 | D        | Noticed a hog
  2596 | D        | Killed a hog
  2597 | D        | Killed a hog
  2597 | D        | Reached skill level 18 in Stealth
  2599 | D        | Killed a hog
  2600 | D        | Killed a hog
  2601 | D        | Killed a hog
  2603 | D        | Killed a hog
  2605 | D        | Killed a hog
  2607 | D        | Killed a hog
  2728 | D        | Noticed a 12-headed hydra
  2730 | D        | Killed a 12-headed hydra
  2730 | D        | Reached skill level 10 in Short Blades
  3169 | D        | Noticed a gargoyle
  3190 | D        | Killed a gargoyle
  3309 | D        | Noticed Norris
  3309 | D        | Noticed a lorocyproca
  3371 | D        | Killed a lorocyproca
  3797 | D        | Engulfed by a cloud of freezing vapour

Vault maps used:
D:        dungeon_sprint_1

Action                   |  1- 3 |  4- 6 |  7- 9 | 10-12 || total
-------------------------+-------+-------+-------+-------++-------
Melee: Dagger            |    25 |     5 |    20 |    22 ||    72
       Short sword       |       |       |       |    60 ||    60
 Fire: Blowgun           |       |       |       |     4 ||     4
 Cast: Corona            |     3 |       |       |       ||     3
       Ensorcelled Hiber |     1 |     1 |    16 |     3 ||    21
       Dazzling Spray    |       |       |    12 |    12 ||    24
       Confuse           |       |       |     2 |       ||     2
Invok: Shadow Step       |       |       |       |     2 ||     2
  Use: Potion            |     1 |       |       |     5 ||     6
       Scroll            |       |       |     4 |     5 ||     9
 Stab: Sleeping          |     2 |     4 |     6 |    36 ||    48
       Invisible         |       |       |     2 |     1 ||     3
       Confused          |       |       |     2 |       ||     2
       Distracted        |       |       |       |     1 ||     1
  Eat: Bread ration      |       |       |       |     1 ||     1
